 Dungeon Crawl Stone Soup version 0.28.0-45-g0d030f2227 (webtiles) character file.

Game seed: 14394503249056643264

1096991 protoss039 the Conqueror (level 27, -8/192 (199) HPs)
             Began as a Gargoyle Earth Elementalist on May 18, 2022.
             Was the Champion of Vehumet.
             Killed by divine providence
             ... invoked by a balrug
             ... summoned by Asmodeus
              (17 damage)
             ... on level 7 of Gehenna on May 19, 2022.
             The game lasted 06:45:10 (147829 turns).

protoss039 the Conqueror (GrEE)                   Turns: 147829, Time: 06:45:11

HP:   -8/192 (199)  AC: 41    Str:  9    XL:     27
MP:   6/59          EV: 15    Int: 53    God:    Vehumet [******]
Gold: 8844          SH: 28    Dex: 13    Spells: 15/80 levels left

rFire   + + +      SeeInvis +   I - +5 whip of the Shouting Dragonfly {elec, Fragile rF+++ Str-4 Int+10}
rCold   + + .      Faith    .   p - +5 kite shield {rC+ rF+}
rNeg    + + +      Spirit   .   V - +1 ring mail of the Earth {Rampage Will+ Int+5}
rPois   ∞          Reflect  +   h - -2 hat of the Alchemist {rElec rPois rF+ rC+ rN+ Will+ rMut rCorr}
rElec   +          Harm     .   J - +2 cloak {Will+}
rCorr   +          Rampage  +   n - +2 pair of gloves of Repulsion {rPois}
rMut    +                       m - +0 pair of boots "Ufriplacs" {Rampage Int+3}
Will    +++++                   b - amulet "Tudeotwi" {Reflect Fragile Int+6 Dex-4 SH+5 Stlth+}
Stlth   +++.......              O - ring of see invisible
HPRegen 0.42/turn               y - ring of the Establishment {Drain Fly rN+ rCorr Dex+7}
MPRegen 0.36/turn

@: swift, unable to drink, flying, studying 2 skills, lightly drained, unable to
read, very quick
A: sickness immunity, AC +20, big wings, negative energy resistance 1,
electricity resistance, torment resistance 1, petrification resistance, fire
resistance 1, high MP 1
}: 9/15 runes: decaying, serpentine, silver, iron, icy, bone, demonic, fiery,
dark
a: Renounce Religion


You were on level 7 of Gehenna.
You worshipped Vehumet.
Vehumet was exalted by your worship.
You visited 16 branches of the dungeon, and saw 81 of its levels.
You visited Pandemonium 2 times, and saw 11 of its levels.
You visited 1 bazaar.
You also visited: Trove, Bailey, Volcano, Wizlab and Desolation.

You collected 14833 gold pieces.
You spent 5989 gold pieces at shops.

Inventory:

Hand Weapons
 I - the +5 whip of the Shouting Dragonfly (weapon) {elec, Fragile rF+++ Str-4 Int+10}
   (You found it on level 2 of the Lair of Beasts)

   It occasionally discharges a powerful burst of electricity upon striking a
   foe.
   Str:       It affects your strength (-4).
   Int:       It affects your intelligence (+10).
   rF:        It renders you almost immune to fire.
   Fragile:   It will be destroyed if unequipped.
Missiles
 H - 3 throwing nets
Armour
 h - the -2 hat of the Alchemist (worn) {rElec rPois rF+ rC+ rN+ Will+ rMut rCorr}
   (You found it in a treasure trove)

   rF:        It protects you from fire.
   rC:        It protects you from cold.
   rElec:     It insulates you from electricity.
   rPois:     It protects you from poison.
   rN:        It protects you from negative energy.
   rCorr:     It protects you from acid and corrosion.
   rMut:      It protects you from mutation.
   Will:      It increases your willpower.
 m - the +0 pair of boots "Ufriplacs" (worn) {Rampage Int+3}
   (You found it in a treasure trove)

   Int:       It affects your intelligence (+3).
   Rampage:   It bestows one free step when moving towards enemies.
 n - the +2 pair of gloves of Repulsion (worn) {rPois}
   (You found it on level 2 of the Dungeon)

   rPois:     It protects you from poison.
 p - a +5 kite shield of resistance (worn)
 J - a +2 cloak of willpower (worn)
 V - the +1 ring mail of the Earth (worn) {Rampage Will+ Int+5}
   (You found it on level 1 of the Lair of Beasts)

   Int:       It affects your intelligence (+5).
   Rampage:   It bestows one free step when moving towards enemies.
   Will:      It increases your willpower.
Jewellery
 a - the ring of Adampeor {Ice Str+3}
   (You took it off an ironbound convoker in the Desolation of Salt)

   [ring of ice]

   It enhances your ice magic.
   Str:       It affects your strength (+3).
   rF:        It makes you vulnerable to fire.
   rC:        It protects you from cold.
 b - the amulet "Tudeotwi" (around neck) {Reflect Fragile Int+6 Dex-4 SH+5 Stlth+}
   (You bought it in a shop on level 2 of the Snake Pit)

   [amulet of reflection]

   It reflects blocked missile attacks.
   Int:       It affects your intelligence (+6).
   Dex:       It affects your dexterity (-4).
   Fragile:   It will be destroyed if unequipped.
   SH:        It affects your SH (+5).
   Stlth:     It makes you more stealthy.
 s - the ring "Giurio Sonko" {Will+ rCorr Dex+3 Stlth+}
   (You found it on level 7 of Tartarus)

   [ring of willpower]

   Dex:       It affects your dexterity (+3).
   rCorr:     It protects you from acid and corrosion.
   Will:      It increases your willpower.
   Stlth:     It makes you more stealthy.
 t - the amulet "Lotab" {Faith rF+ Str-4 Int+5 SInv}
   (You took it off Antaeus on level 7 of Cocytus)

   [amulet of faith]

   It allows you to gain divine favour quickly.
   Str:       It affects your strength (-4).
   Int:       It affects your intelligence (+5).
   rF:        It protects you from fire.
   SInv:      It lets you see invisible.
 x - the ring "Kilih" {Wiz Fly rElec Will+++ Dex-3}
   (You found it in the Desolation of Salt)

   [ring of wizardry]

   It improves your spell success rate.
   Dex:       It affects your dexterity (-3).
   rElec:     It insulates you from electricity.
   Fly:       It grants you flight.
   Will:      It greatly increases your willpower.
 y - the ring of the Establishment (right hand) {Drain Fly rN+ rCorr Dex+7}
   (You found it on level 3 of the Crypt)

   [ring of positive energy]

   Dex:       It affects your dexterity (+7).
   rN:        It protects you from negative energy.
   Fly:       It grants you flight.
   rCorr:     It protects you from acid and corrosion.
   Drain:     It drains your maximum health when unequipped.
 C - the amulet of the Equinox {RegenMP rC+ Dex+3 Slay-2}
   (You found it on level 7 of Tartarus)

   [amulet of magic regeneration]

   It increases your rate of magic regeneration.
   Dex:       It affects your dexterity (+3).
   Slay:      It affects your accuracy & damage with ranged weapons and melee
   (-2).
   rC:        It protects you from cold.
 O - a ring of see invisible (left hand)
Wands
 F - a wand of iceblast (26)
 K - a wand of acid (15)
 Q - a wand of digging (28)
 U - a wand of mindburst (11)
Scrolls
 e - 13 scrolls of fear
 f - a scroll of enchant armour
 i - 3 scrolls of brand weapon
 k - 9 scrolls of teleportation
 o - 8 scrolls of amnesia
 q - 22 scrolls of fog
 A - 11 scrolls of enchant weapon
 E - 3 scrolls of summoning
 M - 6 scrolls of holy word
 R - 2 scrolls of blinking
 T - 7 scrolls of torment
 W - 9 scrolls of immolation
Potions
 c - 4 potions of heal wounds
 d - 5 potions of haste
 g - 4 potions of resistance
 l - 11 potions of might
 r - 11 potions of lignification
 u - 15 potions of curing
 v - 5 potions of ambrosia
 z - 3 potions of magic
 G - 11 potions of cancellation
 N - 10 potions of mutation
 Y - 14 potions of brilliance
 Z - 3 potions of invisibility
Miscellaneous
 B - a phantom mirror (inert)
 P - a condenser vane


   Skills:
 O Level 27 Fighting
 - Level 12.0 Maces & Flails
 O Level 27 Armour
 - Level 12.0 Dodging
 - Level 3.0 Stealth
 O Level 27 Shields
 O Level 27 Spellcasting
 - Level 24.0 Conjurations
 - Level 6.0 Necromancy
 - Level 3.0 Transmutations
 - Level 24.0 Fire Magic
 + Level 10.2 Ice Magic
 O Level 27 Earth Magic


You had 15 spell levels left.
You knew the following spells:

 Your Spells              Type           Power      Damage    Failure   Level
b - Passwall              Tmut/Erth      100%       N/A       0%          2
c - Stone Arrow           Conj/Erth      100%       3d13      0%          3
d - Swiftness             Air            64%        N/A       1%          3
e - Fire Storm            Conj/Fire      72%        8d18      1%          9
f - Ignition              Fire           72%        3d19      1%          8
g - Shatter               Erth           75%        3d55*     1%          9
h - Ozocubu's Refrigerat  Ice            55%        4d16      1%          7
i - Borgnjor's Vile Clut  Necr/Erth      64%        N/A       0%          5
j - Iron Shot             Conj/Erth      74%        9d14      0%          6
k - Lehudib's Crystal Sp  Conj/Erth      74%        10d17     1%          8
m - Freezing Cloud        Conj/Ice/Air   56%        6-21      1%          5

Your spell library contained the following spells:

 Spells                   Type           Power      Damage    Failure   Level
 Chain Lightning          Conj/Air       57%        3d76      32%         9
 Polar Vortex             Ice            55%        N/A       56%         9
 Animate Skeleton         Necr           100%       N/A       0%          1
 Magic Dart               Conj           100%       1d8       0%          1
 Pain                     Necr           100%       1d9       0%          1
 Sandblast                Erth           100%       2d20      0%          1
 Shock                    Conj/Air       100%       1d9       0%          1
 Scorch                   Fire           100%       2d10      0%          2
 Searing Ray              Conj           100%       2d8       0%          2
 Static Discharge         Conj/Air       100%       N/A       0%          2
 Conjure Flame            Conj/Fire      100%       6-21      0%          3
 Dazzling Flash           Conj/Hex       100%       N/A       0%          3
 Ignite Poison            Fire/Tmut/Pois 100%       N/A       0%          3
 Inner Flame              Hex/Fire       100%       N/A       0%          3
 Mephitic Cloud           Conj/Pois/Air  100%       N/A       0%          3
 Ozocubu's Armour         Ice            100%       N/A       0%          3
 Flame Wave               Conj/Fire      100%       2d17      0%          4
 Fulminant Prism          Conj/Hex       57%        3d25      0%          4
 Hailstorm                Conj/Ice       100%       3d20      0%          4
 Iskenderun's Mystic Bla  Conj/Tloc      100%       2d19      0%          4
 Leda's Liquefaction      Hex/Erth       60%        N/A       0%          4
 Petrify                  Tmut/Erth      100%       N/A       0%          4
 Sticky Flame             Conj/Fire      100%       2d11      0%          4
 Fireball                 Conj/Fire      72%        3d27      0%          5
 Iskenderun's Battlesphe  Conj           100%       2d15      0%          5
 Lee's Rapid Deconstruct  Erth           75%        3d35*     0%          5
 Orb of Destruction       Conj           72%        9d17      0%          7
 Apportation              Tloc           100%       N/A       1%          1
 Beastly Appendage        Tmut           100%       N/A       1%          1
 Slow                     Hex            100%       N/A       1%          1
 Sting                    Tmut/Pois      100%       1d8       1%          1
 Summon Small Mammal      Summ           100%       N/A       1%          1
 Blink                    Tloc           100%       N/A       1%          2
 Call Imp                 Summ           64%        N/A       1%          2
 Corpse Rot               Necr/Air       100%       N/A       1%          2
 Ensorcelled Hibernation  Hex/Ice        100%       N/A       1%          2
 Poisonous Vapours        Pois/Air       100%       N/A       1%          2
 Wereblood                Tmut           80%        N/A       1%          2
 Call Canine Familiar     Summ           64%        N/A       1%          3
 Confusing Touch          Hex            64%        N/A       1%          3
 Gell's Gravitas          Tloc           64%        N/A       1%          3
 Lesser Beckoning         Tloc           64%        N/A       1%          3
 Portal Projectile        Hex/Tloc       100%       N/A       1%          3
 Spider Form              Tmut/Pois      72%        N/A       1%          3
 Summon Guardian Golem    Hex/Summ       64%        N/A       1%          3
 Teleport Other           Tloc           64%        N/A       1%          3
 Tukima's Dance           Hex            64%        N/A       1%          3
 Vampiric Draining        Necr           94%        2d12      1%          3
 Airstrike                Air            32%        N/A       1%          4
 Anguish                  Hex/Necr       40%        N/A       1%          4
 Cause Fear               Hex            32%        N/A       1%          4
 Dispel Undead            Necr           94%        3d30      1%          4
 Ice Form                 Ice/Tmut       96%        N/A       1%          4
 Olgreb's Toxic Radiance  Pois           64%        N/A       1%          4
 Passage of Golubria      Tloc           64%        N/A       1%          4
 Summon Ice Beast         Ice/Summ       90%        N/A       1%          4
 Summon Lightning Spire   Summ/Air       64%        N/A       1%          4
 Agony                    Necr           94%        N/A       1%          5
 Blade Hands              Tmut           40%        N/A       1%          5
 Excruciating Wounds      Necr           47%        N/A       1%          5
 Lightning Bolt           Conj/Air       57%        1d80      1%          5
 Metabolic Englaciation   Hex/Ice        45%        N/A       1%          5
 Yara's Violent Unravell  Hex/Tmut       36%        3d15      1%          5
 Conjure Ball Lightning   Conj/Air       57%        3x3d21    1%          6
 Simulacrum               Ice/Necr       51%        N/A       1%          6
 Spellforged Servitor     Conj/Summ      57%        N/A       1%          7
 Alistair's Intoxication  Tmut/Pois      48%        N/A       2%          5
 Death Channel            Necr           47%        N/A       2%          6
 Eringya's Noxious Bog    Tmut/Pois      36%        N/A       4%          6
 Manifold Assault         Tloc           64%        N/A       5%          5
 Summon Mana Viper        Hex/Summ       64%        N/A       5%          5
 Dispersal                Tloc           32%        N/A       28%         6
 Summon Cactus Giant      Summ           32%        N/A       28%         6
 Dragon Form              Tmut           40%        N/A       43%         7
 Storm Form               Tmut/Air       36%        N/A       65%         7
 Infestation              Necr           47%        N/A       71%         8
 Enfeeble                 Hex            32%        N/A       85%         7
 Malign Gateway           Summ/Tloc      32%        N/A       85%         7
 Monstrous Menagerie      Summ           32%        N/A       85%         7
 Maxwell's Capacitive Co  Air            32%        ∞         95%         8
 Discord                  Hex            32%        N/A       100%        8
 Disjunction              Tloc           32%        N/A       100%        8
 Summon Horrible Things   Summ           32%        N/A       100%        8
 Statue Form              Tmut/Erth      Unusable   N/A       N/A         6

Dungeon Overview and Level Annotations

Branches:
Dungeon (15/15)            Temple (1/1) D:6            Lair (6/6) D:9
  Swamp (4/4) Lair:2        Snake (4/4) Lair:3        Slime (0/5) Lair:5
    Orc (2/2) D:11            Elf (3/3) Orc:2        Vaults (5/5) D:14
  Crypt (3/3) Vaults:3       Tomb (0/3) Crypt:3      Depths (4/4) D:15
   Hell (visited)             Dis (7/7) Hell            Geh (7/7) Hell
    Coc (7/7) Hell            Tar (7/7) Hell            Zot (5/5) Depths:4
 Bailey (visited)         Volcano (visited)          WizLab (visited)
Desolation (visited)

Altars:
Ashenzari
Cheibriados
Dithmenos
Elyvilon
Fedhas
Gozag
Hepliaklqana
Kikubaaqudgha
Makhleb
Nemelex Xobeh
Okawaru
Qazlal
Ru
Sif Muna
Trog
Uskayaw
Vehumet
Wu Jian
Xom
Yredelemnul
Zin
The Shining One
Beogh

Shops:
Orc:2 *??*   Elf:1 =   Elf:2 (   Elf:3 !:(::   Snake:2 =:=   Vaults:5 :
Depths:1 =   Depths:4 ?

Portals:
Hell: Depths:1 Depths:2 Depths:3 Depths:4
Abyss: Depths:3
Pandemonium: Depths:2 Depths:4
Ziggurat: Depths:3

Annotations:
Geh:7 Asmodeus
Tar:2 36 runed doors, exclusion: 36 doors


Innate Abilities, Weirdness & Mutations

You are immune to sickness and miasma.
Your stone body is resilient. (AC +20)
You are immune to poison.
Your large and strong wings let you fly.
You resist negative energy. (rN+)
You are resistant to electric shocks. (rElec)
You are resistant to unholy torment.
You are immune to petrification.
Your flesh is heat resistant. (rF+)
You have an increased reservoir of magic. (+10% MP)


Message History

The bolt of fire misses the Brimstone Fiend.
The bolt of fire hits you. You resist.
* * * LOW HITPOINT WARNING * * *
The Brimstone Fiend gestures at you.
The sphere of damnation explodes!
The damnation engulfs you!!
* * * LOW HITPOINT WARNING * * *
The damnation engulfs the Brimstone Fiend.
The Brimstone Fiend completely resists.
Unknown command.
Unknown command.
Okay, then.
Okay, then.
Okay, then.
You cannot see clearly; the smoke and ash is too thick!
You cannot drink potions in your current state!
You cannot see clearly; the smoke and ash is too thick!
You cannot see clearly; the smoke and ash is too thick!
You cannot see clearly; the smoke and ash is too thick!
Okay, then.
Okay, then.
Okay, then.
Press: ? - help, v - describe, . - travel
Here: Asmodeus, wielding the +7 sceptre of Asmodeus (moderately wounded, surrounded by flames) Ashen ground.
Press: ? - help, v - describe, . - travel
Here: a Brimstone Fiend (severely wounded, ally target) Ashen ground.
Casting: Swiftness (safe; 1% risk of failure)
Confirm with . or Enter, or press ? or * to list all spells.
You don't have enough magic to cast this spell.
Unknown command.
Unknown command.
Asmodeus gestures.
Asmodeus gestures.
Unknown command.
Unknown command.
Asmodeus hits Asmodeus with the +7 sceptre of Asmodeus!
Asmodeus gestures.
The balrug gestures at you. Something smites you!
You die...

# . ##. ##.# ## # #..# #####
#.###.# #####
#.###.#.####.#....# .#..#
##∩.......#.#.#.#..##...##
###..........2.22..........#
#..........@#.§○○2.....§....
#............2§&&☼≈≈§§§≈....
#.........≈≈≈≈≈°122○≈≈≈§≈§§§.
........≈≈≈≈≈≈≈§≈§2§≈○....≈§≈≈§
......≈§≈≈§≈≈≈≈§≈≈≈≈§○n.○°..≈≈§
.....§≈≈§≈§≈1≈≈≈≈≈≈..°..○...§.§
.....≈≈§§§§§≈≈≈§≈≈§.##..n○###..
......≈≈§§≈§≈≈≈≈≈≈..##..#.# .
§§≈≈§≈≈≈≈§≈§≈...##..°.§


You could see Asmodeus (clouds), 2 Brimstone Fiends, 4 balrugs, a hellion
(summoned, expiring), the friendly Asmodeus (summoned, clouds, drained), a
friendly balrug (summoned) and a friendly hellion (summoned).

Vanquished Creatures
  Cerebov (Pan)
  Gloorx Vloq (Pan)
  Ereshkigal (Tar:7)
  the Serpent of Hell (Tar:7)
  7 dread liches
  Dispater (Dis:7)
  Mennas (Depths:3)
  10 orbs of fire
  10 ancient liches
  4 juggernauts
  4 royal mummies (Dis:6)
  13 Killer Klowns
  3 curse toes
  25 shard shrikes
  Geryon (Hell)
  8 pandemonium lords (Pan)
  49 caustic shrikes
  The ghost of Arryuderch the Warrior, an adept DgCj (Depths:3)
  15 golden dragons
  12 profane servitors
  22 bone dragons
  22 Tzitzimimeh
  13 doom hounds
  14 iron giants
  2 electric golems (Zot:5)
  A spectral shard shrike (Tar:4)
  28 tentacled monstrosities
  10 hellephants
  10 Brimstone Fiends
  13 tainted leviathans
  21 Ice Fiends
  4 shard shrike zombies (Tar:7)
  25 Orb Guardians (Zot:5)
  16 searing wretches
  13 Hell Sentinels
  A walking divine tome (Depths:2)
  25 titans
  5 liches
  A shard shrike skeleton (Crypt:2)
  2 deep elf master archers (Elf:3)
  32 Executioners (Pan)
  11 quicksilver dragons
  3 deep elf blademasters
  8 death cobs
  Agnes (Elf:1)
  6 sphinxes
  29 ancient champions
  Kirke (Swamp:1)
  11 shadow dragons
  8 tengu reavers
  2 thorn hunters (Swamp:4)
  18 storm dragons
  Roxanne (Swamp:3)
  3 daevas (Depths:3)
  21 frost giants
  3 fenstrider witches
  21 fire giants
  9 demonspawn warmongers (Pan)
  3 revenants
  10 nagarajas (Snake:4)
  5 iron dragons
  9 draconian monks
  22 narguns
  2 ghost moths
  8 draconian knights
  Aizul (Snake:3)
  3 caustic shrike zombies
  2 deep elf sorcerers (Elf:3)
  5 draconian stormcallers
  15 vault wardens
  7 draconian scorchers
  5 draconian shifters
  10 quicksilver elementals
  34 balrugs
  12 shard shrike simulacra
  7 cacodemons
  2 spectral juggernauts
  4 deep elf elementalists (Elf:3)
  4 spectral caustic shrikes
  A juggernaut zombie (Crypt:1)
  5 curse skulls
  9 draconian annihilators
  An orc warlord (Vaults:4)
  3 angels (Depths:3)
  11 ghouls
  16 reapers
  7 demonspawn corrupters (Pan)
  A caustic shrike skeleton (Pan)
  15 demonspawn blood saints (Pan)
  67 war gargoyles
  A juggernaut skeleton (Pan)
  4 spriggan defenders
  5 ironbound thunderhulks
  22 elemental wellsprings
  6 vampire knights
  19 green draconians
  16 ironbound preservers
  31 very ugly things
  16 lorocyprocas (Pan)
  25 stone giants
  An entropy weaver (Vaults:5)
  20 putrid mouths
  3 spectral titans
  Azrael (Elf:1)
  7 deep elf demonologists
  19 red draconians
  15 black draconians
  17 purple draconians
  An eleionoma (Swamp:1)
  12 deep elf annihilators (Elf:3)
  14 yellow draconians
  6 bunyips
  The ghost of kwass the Summoner, a journeyman GnSu of Cheibriados (Elf:1)
  9 halazid warlocks
  15 demonspawn black suns (Pan)
  11 spark wasps
  15 white draconians
  9 ettins
  20 dire elephants
  19 eidola
  19 wendigos
  3 mummy priests
  The ghost of PanSaczeczos the Fighter, a journeyman DjIE of Ashenzari (D:11)
  5 green deaths (Pan)
  16 blizzard demons
  36 iron golems
  3 crystal guardians (Desolation)
  Josephine (Orc:1)
  14 deep elf high priests
  12 fire dragons
  18 jiangshi
  A quicksilver dragon zombie (Tar:7)
  8 ragged hierophants (Desolation)
  12 deep elf death magi
  14 yaktaur captains
  10 great orbs of eyes
  8 salamander tyrants
  14 ice dragons
  10 ironbound frosthearts
  4 hell beasts (Pan)
  32 vault guards
  19 naga warriors
  6 rakshasas
  8 juggernaut simulacra
  14 centaur warriors
  7 spriggan air magi
  10 stokers
  3 catoblepae
  3 caustic shrike simulacra
  6 servants of whispers (Desolation)
  5 spriggan zombies
  5 ogre magi
  4 peacekeepers
  3 spriggan skeletons (Pan)
  23 hydras
  6 boulder beetles
  4 death knights
  13 anacondas
  21 dancing weapons
  20 two-headed ogres
  8 alligators
  2 merfolk aquamancers (D:13)
  6 death yaks (Lair:5)
  20 naga sharpshooters
  8 deep troll earth magi
  4 tengu warriors
  7 deep troll shamans
  2 orc high priests
  4 vampire magi
  20 hell hogs
  2 titan zombies (Crypt:3)
  3 spectral dire elephants
  3 shock serpents
  3 spriggan berserkers
  A storm dragon zombie (Depths:2)
  19 deep elf knights
  14 hell knights
  28 crystal echidnas
  A titan skeleton (Pan)
  29 skeletal warriors
  A fire crab (Lair:6)
  43 shadow wraiths
  46 soul eaters
  A spectral spark wasp (WizLab)
  76 sun demons
  9 sixfirhies
  A spark wasp zombie (WizLab)
  10 iron trolls
  A fire crab (shapeshifter) (Depths:2)
  2 steelbarb worms (shapeshifter)
  An anaconda zombie (Hell)
  2 storm dragon skeletons
  A salamander mystic (Snake:2)
  A death drake (Depths:4)
  3 sea snakes
  6 cherubim (Depths:3)
  8 goliath frogs
  5 naga ritualists
  A spectral anaconda (Tar:1)
  A spectral hydra (Tar:6)
  13 wizards
  4 spriggan druids
  13 shadow demons (Pan)
  12 flayed ghosts
  13 swamp dragons
  2 bunyip zombies (Crypt:3)
  54 deep trolls
  A shadow dragon zombie (Crypt:3)
  2 fenstrider witch simulacra
  7 deep elf archers
  17 ironbound convokers
  A lindwurm (shapeshifter) (Depths:4)
  15 lindwurms
  A kraken simulacrum (Hell)
  7 quicksilver dragon simulacra
  An obsidian statue (Zot:5)
  4 bog bodies
  3 anaconda skeletons (Pan)
  3 spriggan simulacra
  5 bunyip skeletons
  27 deep elf zephyrmancers
  8 harpies
  2 spectral wolf spiders (WizLab)
  An oklob plant (Lair:6)
  3 mana vipers (shapeshifter) (Vaults:5)
  A shining eye (shapeshifter) (Vaults:5)
  26 phantasmal warriors
  19 deep elf pyromancers
  15 necromancers
  A human zombie (Vaults:3)
  4 wolf spiders
  2 will-o-the-wisps
  9 cyclopes
  27 slime creatures
  38 ugly things
  8 spectral spriggans
  9 orc knights
  A fire giant zombie (Crypt:2)
  8 mana vipers
  4 manticores
  A sphinx skeleton (Depths:2)
  25 moths of wrath
  A frost giant zombie (Depths:2)
  2 iron dragon zombies
  2 spectral ettins
  13 guardian serpents
  20 salamanders
  2 stone giant skeletons
  2 fire giant skeletons (Vaults:3)
  2 ice statues (Coc:7)
  25 elephants
  9 rust devils
  A spectral centaur (Tar:1)
  An alligator snapping turtle zombie (Crypt:1)
  15 naga magi
  2 water nymphs (D:13)
  4 molten gargoyles
  10 vault sentinels
  43 black mambas
  12 cane toads
  22 smoke demons
  2 gargoyles
  6 titan simulacra
  An unseen horror (D:13)
  A dire elephant skeleton (Pan)
  A centaur skeleton (Crypt:2)
  31 orange demons
  36 demonic crawlers (Pan)
  A storm dragon simulacrum (Crypt:1)
  An unseen horror (shapeshifter) (Elf:3)
  53 hellions
  6 rime drakes
  2 death yak zombies (Crypt:1)
  2 yaktaurs (shapeshifter)
  5 bunyip simulacra
  24 freezing wraiths
  A minotaur zombie (Crypt:1)
  A rime drake (shapeshifter) (D:13)
  28 tormentors
  A swamp worm zombie (Crypt:1)
  2 spectral nagas
  2 hydra zombies (Hell)
  5 anaconda simulacra
  A kobold demonologist (D:12)
  13 hellwings
  15 komodo dragons
  36 yaktaurs
  5 ice devils
  A purple draconian skeleton (Crypt:2)
  19 efreet (Pan)
  2 guardian mummies
  4 red devils
  A golden dragon simulacrum (Coc:1)
  A tengu conjurer (Depths:3)
  A bloated husk (Swamp:2)
  3 iron giant simulacra
  3 harpy zombies
  6 spectral harpies
  12 hornets
  5 trolls
  6 tyrant leeches
  2 hydra skeletons
  A polar bear (Lair:6)
  5 harpy skeletons (Pan)
  46 saltlings (Desolation)
  An ettin zombie (Crypt:3)
  3 meliai
  A culicivora zombie (Crypt:1)
  3 iron dragon simulacra
  A tarantella (shapeshifter) (D:15)
  18 blink frogs
  3 alligator zombies
  5 dream sheep
  33 large abominations (Pan)
  5 stone giant simulacra
  2 air elementals
  3 jumping spiders (Crypt:3)
  5 shadows
  7 water elementals
  A fire dragon skeleton (Crypt:2)
  5 centaur simulacra
  11 flying skulls
  18 wraiths
  51 ynoxinuls (Pan)
  11 spriggans
  3 alligator snapping turtle simulacra
  10 dire elephant simulacra
  56 yaks
  23 humans
  6 wyverns
  Grum (D:11)
  6 fire elementals (Elf:1)
  An ushabti (Crypt:3)
  2 fire bats (Pan)
  7 steam dragons
  2 black mamba skeletons
  3 basilisks
  32 chaos spawn
  3 hogs (Swamp:1)
  7 vampire mosquitoes
  11 neqoxecs (Pan)
  3 naga zombies
  49 nagas
  13 harpy simulacra
  17 swamp worms
  A two-headed ogre zombie (Crypt:2)
  A demonspawn zombie (Crypt:2)
  2 acid dragons
  A warg (Orc:2)
  14 hell hounds
  12 water moccasins
  A naga skeleton (Pan)
  6 hydra simulacra
  6 swamp drakes (Swamp:4)
  44 orc warriors
  3 ice beasts
  3 ettin simulacra
  3 black bears
  15 necrophages
  39 ogres
  39 wolves
  9 centaurs
  4 phantoms
  A dream sheep skeleton (Crypt:1)
  12 bullfrogs
  2 human simulacra
  7 naga simulacra
  A yaktaur skeleton (Crypt:2)
  An earth elemental (Elf:1)
  3 gnoll sergeants
  A scorpion (D:5)
  A palentonga skeleton (Crypt:1)
  A water moccasin zombie (D:5)
  9 wyvern skeletons
  A water moccasin skeleton (D:6)
  A killer bee (D:5)
  3 troll zombies (D:11)
  8 wights
  5 electric eels
  7 howler monkeys
  3 hounds (D:5)
  A jelly (D:6)
  6 lava snakes
  7 centaur zombies
  25 orc priests
  A basilisk skeleton (Crypt:2)
  A bullfrog skeleton (D:6)
  4 iguanas
  Ijyb (D:3)
  21 orc wizards
  6 hell rats (Hell)
  A killer bee zombie (D:9)
  3 ogre zombies (D:11)
  A dwarf zombie (Crypt:2)
  2 hound zombies (D:5)
  A hound skeleton (D:5)
  A mummy (Crypt:3)
  3 howler monkey zombies
  10 adders
  18 gnolls
  A shadow imp (D:8)
  2 white imps
  An ufetubus (D:6)
  An adder zombie (D:5)
  A halfling zombie (Crypt:1)
  An adder skeleton (D:4)
  A worm (D:2)
  A dart slug (D:2)
  79 orcs
  3 endoplasms
  2 giant cockroaches
  10 goblins
  12 hobgoblins
  5 jackals
  3 quokkas
  3 ball pythons
  8 bats
  4 frilled lizards
  A goblin skeleton (D:11)
  2 goblin zombies (D:11)
  A hobgoblin skeleton (D:11)
  4 hobgoblin zombies (D:11)
  A jackal skeleton (Crypt:2)
  21 kobolds
  11 orc zombies (D:11)
  4 rats
  5 briar patches (Swamp:4)
  2 bushes (D:2)
  4 creeping infernos
  26 fire vortices
  2 withered plants (Crypt:3)
4146 creatures vanquished.

Vanquished Creatures (collateral kills)
  Antaeus (Coc:7)
  A royal mummy (Dis:6)
  A shard shrike (Coc:3)
  A caustic shrike (Dis:7)
  A tainted leviathan (Tar:3)
  A Tzitzimitl (Tar:7)
  A demonspawn warmonger (Pan)
  A cacodemon (Pan)
  A draconian shifter (Zot:3)
  A draconian stormcaller (Zot:3)
  A demonspawn black sun (Pan)
  A yellow draconian (Zot:2)
  A white draconian (Zot:2)
  A centaur simulacrum (Coc:1)
  A harpy simulacrum (Coc:3)
15 creatures vanquished.

Vanquished Creatures (others)
  Nikola (Snake:1)
  A fenstrider witch (Swamp:1)
  2 demonspawn blood saints (Pan)
  A red draconian (Zot:2)
  A hell beast (Pan)
  A naga sharpshooter (Snake:1)
  A sixfirhy (Pan)
  A swamp dragon (Swamp:4)
  A black mamba (Snake:1)
  An anaconda simulacrum (Coc:5)
  A saltling (Desolation)
  2 humans (Swamp:1)
  2 fire bats (Pan)
  An ogre (Orc:2)
  28 ball lightnings
  A bush (Lair:5)
  372 fire vortices
  4 foxfires (Swamp:3)
  50 fungi
  93 plants
  5 withered plants (Crypt:3)
570 creatures vanquished.

Grand Total: 4731 creatures vanquished

Notes
Turn   | Place    | Note
-------+----------+-------------------------------------------
     0 | D:1      | protoss039 the Gargoyle Earth Elementalist began the quest
                  | for the Orb.
     0 | D:1      | Reached XP level 1. HP: 10/10 MP: 3/3
   307 | D:1      | Reached skill level 1 in Transmutations
   951 | D:1      | Reached XP level 2. HP: 15/16 MP: 1/5
  1046 | D:1      | Reached skill level 1 in Fighting
  1997 | D:2      | You fall into a shaft and drop 2 floors!
  2123 | D:4      | Reached XP level 3. HP: 18/21 MP: 4/6
  2319 | D:4      | Learned a level 2 spell: Passwall
  2323 | D:4      | Learned a level 3 spell: Stone Arrow
  2336 | D:4      | Reached XP level 4. HP: 27/27 MP: 5/7
  2458 | D:4      | Reached XP level 5. HP: 13/32 MP: 2/9
  2804 | D:2      | Identified the +2 pair of gloves of Repulsion {rPois}
  3773 | D:3      | Reached skill level 1 in Armour
  3958 | D:3      | Reached skill level 1 in Conjurations
  3958 | D:3      | Reached XP level 6. HP: 36/38 MP: 10/10
  4174 | D:3      | Found an ancient bone altar of Kikubaaqudgha.
  4543 | D:3      | Noticed Ijyb
  4561 | D:3      | Paralysed by Ijyb for 6 turns
  4571 | D:3      | Killed Ijyb
  4972 | D:4      | Reached skill level 5 in Earth Magic
  5374 | D:5      | Entered Level 5 of the Dungeon
  5389 | D:5      | Found a transporter.
  5390 | D:5      | Found a transporter.
  5392 | D:5      | Found an opulent altar of Gozag.
  5393 | D:5      | Found a shimmering blue altar of Sif Muna.
  5395 | D:5      | Noticed a steam dragon
  5396 | D:5      | Found a hazy altar of Hepliaklqana.
  5401 | D:5      | Noticed a komodo dragon
  5526 | D:5      | Reached XP level 7. HP: 44/44 MP: 12/12
  5583 | D:5      | Reached skill level 5 in Fighting
  5990 | D:5      | Reached XP level 8. HP: 47/51 MP: 13/13
  6870 | D:6      | Noticed a +0 dagger
  6871 | D:6      | Noticed a +0 spear
  6871 | D:6      | Noticed a +0 falchion
  6872 | D:6      | Noticed a +0 spear
  6872 | D:6      | Noticed a +0 short sword
  6872 | D:6      | Noticed a +0 falchion
  6872 | D:6      | Noticed a +0 dagger
  6873 | D:6      | Noticed a +0 short sword
  6874 | D:6      | Found a hide-covered altar of Uskayaw.
  7041 | D:6      | Found a sparkling altar of Nemelex Xobeh.
  7314 | D:6      | Reached XP level 9. HP: 38/57 MP: 0/16
  7630 | D:6      | Found a staircase to the Ecumenical Temple.
  7652 | Temple   | Entered the Ecumenical Temple
  8014 | Temple   | Became a worshipper of Vehumet
  8238 | D:7      | Reached skill level 5 in Spellcasting
  8531 | D:7      | Reached skill level 5 in Conjurations
  9333 | D:8      | Found a flagged portal.
  9397 | Bailey   | Entered a bailey
  9616 | Bailey   | Reached * piety under Vehumet
  9616 | Bailey   | Offered knowledge of Magic Dart by Vehumet.
 10524 | D:8      | Found a broken altar of Ashenzari.
 10525 | D:8      | Noticed a hornet
 10527 | D:8      | Found a glowing golden altar of the Shining One.
 10533 | D:8      | Killed a hornet
 10534 | D:8      | Reached XP level 10. HP: 66/66 MP: 10/18
 11261 | D:9      | Found a runed translucent door.
 11595 | D:9      | Found a burning altar of Makhleb.
 11595 | D:9      | Noticed a sixfirhy
 11859 | D:9      | Found a sacrificial altar of Ru.
 11986 | D:9      | Reached skill level 10 in Fighting
 12201 | D:9      | Found a staircase to the Lair.
 12782 | D:9      | Killed a sixfirhy
 12783 | D:9      | Reached skill level 5 in Armour
 12919 | D:10     | Entered Level 10 of the Dungeon
 13009 | D:10     | Noticed a cyclops
 13013 | D:10     | Killed a cyclops
 13013 | D:10     | Offered knowledge of Freeze by Vehumet.
 13142 | D:10     | Reached ** piety under Vehumet
 13555 | D:10     | Reached XP level 11. HP: 73/73 MP: 6/20
 14555 | D:11     | Noticed a cyclops
 14562 | D:11     | Killed a cyclops
 14562 | D:11     | Noticed Grum
 14826 | D:11     | Noticed a boulder beetle
 14834 | D:11     | Noticed a centaur warrior
 14851 | D:11     | Killed Grum
 14857 | D:11     | Found a staircase to the Orcish Mines.
 14858 | D:11     | Noticed a six-headed hydra
 14887 | D:11     | HP: 3/74 [centaur warrior/arrow (13)]
 15153 | D:10     | Learned a level 2 spell: Static Discharge
 15444 | D:11     | Found a basalt altar of Yredelemnul.
 15534 | D:11     | Killed a centaur warrior
 15916 | D:11     | Offered knowledge of Frozen Ramparts by Vehumet.
 15937 | D:11     | Killed a boulder beetle
 16286 | D:11     | Reached *** piety under Vehumet
 16345 | D:11     | Killed a six-headed hydra
 16700 | D:11     | Found a transporter.
 16858 | D:11     | Found a transporter.
 16859 | D:11     | Noticed a two-headed ogre
 16860 | D:11     | Noticed a moth of wrath
 16866 | D:11     | Found a bloodstained altar of Trog.
 16923 | D:11     | Noticed a two-headed ogre
 16925 | D:11     | Noticed PanSaczeczos's ghost (journeyman DjIE)
 16939 | D:11     | Noticed a tengu warrior
 16972 | D:11     | Noticed a cyclops
 16978 | D:11     | Killed a cyclops
 17233 | D:11     | Reached XP level 12. HP: 30/84 MP: 2/24
 17607 | D:12     | Noticed a centaur warrior
 17669 | D:12     | Noticed a boulder beetle
 17681 | D:12     | Killed a boulder beetle
 18001 | D:12     | Noticed a boulder beetle
 18039 | D:11     | Killed a boulder beetle
 18681 | D:12     | Killed a centaur warrior
 19166 | D:12     | Found a glowing golden altar of the Shining One.
 19345 | D:13     | Identified the +3 trident "Nuorhudgh" {venom, rElec Str+2}
 19409 | D:13     | Noticed a catoblepas
 19428 | D:13     | Killed a catoblepas
 19694 | D:13     | Noticed a centaur warrior
 19743 | D:13     | Killed a centaur warrior
 19744 | D:13     | Reached skill level 10 in Conjurations
 19902 | D:13     | Noticed a two-headed ogre
 19906 | D:13     | Killed a two-headed ogre
 19907 | D:13     | Reached skill level 1 in Shields
 19967 | D:13     | Noticed a merfolk aquamancer
 19968 | D:13     | Noticed a seven-headed hydra
 19969 | D:13     | Noticed a merfolk aquamancer
 20286 | D:13     | Killed a merfolk aquamancer
 20290 | D:13     | Offered knowledge of Fulminant Prism by Vehumet.
 20293 | D:13     | Killed a merfolk aquamancer
 20294 | D:13     | Reached XP level 13. HP: 50/91 MP: 16/26
 20706 | D:13     | Reached skill level 15 in Fighting
 23099 | Lair:1   | Entered Level 1 of the Lair of Beasts
 23239 | Lair:1   | Reached **** piety under Vehumet
 23251 | Lair:1   | Offered knowledge of Inner Flame by Vehumet.
 23380 | Lair:1   | Identified the +1 ring mail of the Earth {Rampage Will+
                  | Int+5}
 23658 | Lair:1   | Found a dark tunnel.
 23664 | Volcano  | Entered a volcano
 23671 | Volcano  | Learned a level 5 spell: Lightning Bolt
 24232 | Volcano  | Reached skill level 5 in Shields
 24794 | Volcano  | Noticed a fire dragon
 24800 | Volcano  | HP: 3/93 [fire dragon/blast of flame (50)]
 24801 | Volcano  | Killed a fire dragon
 25669 | Lair:2   | Gained mutation: Your large and strong wings let you fly.
                  | [Gargoyle growth]
 25669 | Lair:2   | Reached XP level 14. HP: 95/100 MP: 16/27
 25741 | Lair:2   | Reached skill level 10 in Spellcasting
 25801 | Lair:2   | Found a staircase to the Swamp.
 25802 | Lair:2   | Identified the +5 whip of the Shouting Dragonfly {elec,
                  | Fragile rF+++ Str-4 Int+10}
 26780 | Lair:2   | Identified the +6 rapier of Abomination {vorpal, Str+2}
 27024 | Lair:3   | Reached ***** piety under Vehumet
 27024 | Lair:3   | Offered knowledge of Eringya's Noxious Bog by Vehumet.
 27569 | Lair:3   | Found a staircase to the Snake Pit.
 29847 | Lair:5   | Found a staircase to the Slime Pits.
 30374 | Lair:5   | Reached skill level 10 in Armour
 30374 | Lair:5   | Reached XP level 15. HP: 79/107 MP: 20/29
 31018 | Lair:6   | Entered Level 6 of the Lair of Beasts
 31088 | Lair:6   | Learned a level 3 spell: Mephitic Cloud
 31094 | Lair:6   | Learned a level 5 spell: Freezing Cloud
 31292 | Lair:6   | Offered knowledge of Spellforged Servitor by Vehumet.
 33244 | Lair:6   | Found a large runed translucent door.
 33244 | Lair:6   | Found a large runed translucent door.
 33366 | Lair:6   | Offered knowledge of Yara's Violent Unravelling by Vehumet.
 34226 | Lair:6   | Learned a level 4 spell: Iskenderun's Mystic Blast
 34232 | Lair:6   | Learned a level 5 spell: Lee's Rapid Deconstruction
 34743 | Orc:1    | Entered Level 1 of the Orcish Mines
 35106 | Orc:1    | Noticed Josephine
 35120 | Orc:1    | Killed Josephine
 35485 | Orc:2    | Entered Level 2 of the Orcish Mines
 35500 | Orc:2    | Found Biw Yris's Armour Shoppe.
 35719 | Orc:2    | Reached XP level 16. HP: 71/114 MP: 32/32
 36775 | Orc:2    | Found Isadiuso's Assorted Antiques.
 36775 | Orc:2    | Found Kinkeshe's Magic Scroll Shop.
 36776 | Orc:2    | Found Erphoh's Magic Scroll Shop.
 36776 | Orc:2    | Found Berua's General Store.
 36786 | Orc:2    | Bought a scroll of magic mapping for 49 gold pieces
 36786 | Orc:2    | Bought a scroll of teleportation for 42 gold pieces
 36786 | Orc:2    | Bought a scroll of teleportation for 42 gold pieces
 36786 | Orc:2    | Bought a scroll of magic mapping for 49 gold pieces
 37028 | Orc:2    | Found a staircase to the Elven Halls.
 37326 | Orc:2    | Bought 2 potions of curing for 204 gold pieces
 37326 | Orc:2    | Bought a wand of acid (2) for 272 gold pieces
 37326 | Orc:2    | Bought a scroll of fog for 68 gold pieces
 37326 | Orc:2    | Bought a scroll of blinking for 255 gold pieces
 37327 | Orc:2    | Bought a scroll of fear for 45 gold pieces
 37327 | Orc:2    | Bought a scroll of fog for 26 gold pieces
 37328 | Orc:2    | Bought a wand of iceblast (8) for 192 gold pieces
 37328 | Orc:2    | Bought a potion of curing for 48 gold pieces
 37333 | Orc:2    | Bought a scroll of identify for 26 gold pieces
 37333 | Orc:2    | Bought a scroll of identify for 26 gold pieces
 37333 | Orc:2    | Bought a scroll of identify for 26 gold pieces
 37336 | Orc:2    | Bought a scroll of identify for 26 gold pieces
 37336 | Orc:2    | Bought a scroll of identify for 26 gold pieces
 37344 | Orc:2    | Bought a scroll of identify for 28 gold pieces
 37344 | Orc:2    | Bought 2 scrolls of identify for 56 gold pieces
 37923 | D:14     | Reached ****** piety under Vehumet
 37947 | D:14     | Offered knowledge of Iron Shot by Vehumet.
 38110 | D:14     | Found a gate to the Vaults.
 38307 | D:14     | Learned a level 6 spell: Iron Shot
 38308 | D:15     | Entered Level 15 of the Dungeon
 38331 | D:15     | Reached skill level 10 in Shields
 39680 | D:15     | Found a staircase to the Depths.
 40065 | Snake:1  | Entered Level 1 of the Snake Pit
 40363 | Snake:1  | Reached XP level 17. HP: 108/120 MP: 5/34
 40836 | Snake:1  | Noticed Nikola
 40847 | Snake:1  | Killed Nikola
 41190 | Snake:1  | Offered knowledge of Conjure Ball Lightning by Vehumet.
 41191 | Snake:1  | Reached skill level 10 in Earth Magic
 41198 | Snake:1  | Learned a level 6 spell: Conjure Ball Lightning
 42837 | Snake:2  | Found Hoepti's Jewellery Emporium.
 42845 | Snake:2  | Found Ugoufoyck's Jewellery Emporium.
 42846 | Snake:2  | Found Jiheom's Book Shop.
 42857 | Snake:2  | Bought the amulet "Tudeotwi" {Reflect Fragile Int+6 Dex-4
                  | SH+5 Stlth+} for 460 gold pieces
 43981 | Snake:3  | Found a flickering gateway to a bazaar.
 43989 | Bazaar   | Entered a bazaar
 43989 | Bazaar   | Found Jotrini's Jewellery Emporium.
 43996 | Bazaar   | Found Ejin's Antique Armour Boutique.
 44016 | Bazaar   | Found Tokongul's Antique Weapon Emporium.
 44031 | Bazaar   | Found Onuony's Magic Scroll Shop.
 44031 | Bazaar   | Found Cuodab's General Store.
 44069 | Bazaar   | Bought a pair of glowing gloves for 187 gold pieces
 44092 | Bazaar   | Bought a scroll of fog for 28 gold pieces
 44092 | Bazaar   | Bought a scroll of fear for 49 gold pieces
 44092 | Bazaar   | Bought a scroll of blinking for 105 gold pieces
 44092 | Bazaar   | Bought a scroll of magic mapping for 49 gold pieces
 44092 | Bazaar   | Bought a scroll of amnesia for 49 gold pieces
 44118 | Bazaar   | Bought a scroll of teleportation for 36 gold pieces
 44591 | Snake:3  | Noticed Aizul
 44596 | Snake:3  | Killed Aizul
 45117 | Snake:3  | Offered knowledge of Ozocubu's Refrigeration by Vehumet.
 46167 | Snake:4  | Entered Level 4 of the Snake Pit
 46529 | Snake:4  | Reached XP level 18. HP: 115/126 MP: 13/36
 47414 | Snake:4  | Reached skill level 15 in Conjurations
 47546 | Snake:4  | Reached skill level 15 in Spellcasting
 48943 | Snake:4  | Offered knowledge of Lehudib's Crystal Spear by Vehumet.
 49698 | Snake:4  | Got a serpentine rune of Zot
 49928 | Snake:4  | Learned a level 8 spell: Lehudib's Crystal Spear
 50128 | Swamp:1  | Entered Level 1 of the Swamp
 50476 | Swamp:1  | Noticed Kirke
 50488 | Swamp:1  | Killed Kirke
 51104 | Swamp:1  | Got the Guide on Earth and the Escort
 51468 | Swamp:2  | Reached XP level 19. HP: 90/133 MP: 24/38
 52246 | Swamp:2  | Found a radiant altar of Vehumet.
 52567 | Swamp:3  | Identified Roxanne's Handbook of Transmigration
 52567 | Swamp:3  | Noticed Roxanne
 52571 | Swamp:3  | Killed Roxanne
 53550 | Swamp:4  | Entered Level 4 of the Swamp
 53956 | Swamp:4  | Offered knowledge of Shatter by Vehumet.
 53956 | Swamp:4  | Offered knowledge of Chain Lightning by Vehumet.
 53956 | Swamp:4  | Offered knowledge of Polar Vortex by Vehumet.
 54153 | Swamp:4  | Reached skill level 15 in Shields
 55049 | Swamp:4  | Identified a scroll of acquirement
 55060 | Swamp:4  | Got a decaying rune of Zot
 55426 | Swamp:4  | Identified the +6 war axe "Jivvalin" {freeze, *Noise rC+
                  | Will+ Str+2}
 55888 | Snake:2  | Bought a ring of see invisible for 180 gold pieces
 56112 | Orc:2    | Acquired 760 gold pieces
 56117 | Elf:1    | Entered Level 1 of the Elven Halls
 56411 | Elf:1    | Found an ancient bone altar of Kikubaaqudgha.
 56760 | Elf:1    | Found Pusheil's Jewellery Shoppe.
 57293 | Elf:1    | Noticed Agnes
 57298 | Elf:1    | Killed Agnes
 57582 | Elf:1    | Noticed Azrael
 57586 | Elf:1    | Killed Azrael
 57699 | Elf:1    | Reached XP level 20. HP: 124/140 MP: 34/40
 57993 | Elf:1    | Found a runed translucent door.
 57995 | Elf:1    | Noticed kwass's ghost (journeyman GnSu)
 58699 | Elf:1    | Killed kwass's ghost
 58763 | Elf:1    | Got Guxaerogh's Volume of the Entourage and Enchantment
 58852 | Elf:1    | Learned a level 9 spell: Shatter
 58947 | Elf:2    | Found Yplo Ifuf's Weapon Shop.
 59017 | Elf:2    | Found a crumbling gateway.
 59018 | Elf:2    | Found the dreamshard necklace {*Dream Drain}
 59104 | Desolati | Entered the Desolation of Salt
 59192 | Desolati | HP: 5/131 [halazid warlock/bolt of negative energy (28)]
 59458 | Desolati | Identified the ring of Adampeor {Ice Str+3}
 59569 | Desolati | Identified the +7 quarterstaff of Zuppilem {flame, rCorr
                  | Str-2 Int+3 Dex+4}
 59584 | Desolati | Identified the ring of Sosas {rN+ Will+ rCorr Dex-5}
 59586 | Desolati | Identified the +2 rapier of the Immovable Wishes {venom,
                  | rC+}
 60329 | Desolati | Identified the +9 scythe "Buh Cud" {holy, rF- Dex+6}
 60341 | Desolati | Identified the +2 robe "Obimytuol" {-Tele rN+ Str+8 Int-2}
 60345 | Desolati | Identified the ring "Kilih" {Wiz Fly rElec Will+++ Dex-3}
 60347 | Desolati | Identified the +4 ring mail of Cocytus {Int+3 Slay+3}
 60444 | Desolati | Identified the +2 ring mail of Komadwud {Fly}
 60873 | Desolati | Identified the amulet of the Aged Xenops {rF- Regen+ Int+6}
 60880 | Desolati | Got the Handbook of the Blaze
 61408 | Elf:2    | Found a runed translucent gate.
 61409 | Elf:2    | Found a runed translucent gate.
 61409 | Elf:2    | Found a runed translucent gate.
 62870 | Elf:3    | Entered Level 3 of the Elven Halls
 63077 | Elf:3    | Found Tiblu's Weapon Shoppe.
 63223 | Elf:3    | Found Yfyuhow's Book Boutique.
 63273 | Elf:3    | Found Nuus Pui's Book Emporium.
 63281 | Elf:3    | Bought Great Wizards, Vol. II for 608 gold pieces
 63287 | Elf:3    | Learned a level 5 spell: Borgnjor's Vile Clutch
 63287 | Elf:3    | Bought a book of Air for 352 gold pieces
 63292 | Elf:3    | Learned a level 3 spell: Swiftness
 63337 | Elf:3    | Found Uxar's Book Shoppe.
 63489 | Elf:3    | Found Sarim's Distillery.
 63497 | Elf:3    | Bought a potion of brilliance for 40 gold pieces
 63497 | Elf:3    | Bought a potion of mutation for 80 gold pieces
 63497 | Elf:3    | Bought a potion of cancellation for 80 gold pieces
 63497 | Elf:3    | Bought a potion of curing for 30 gold pieces
 63497 | Elf:3    | Bought a potion of curing for 30 gold pieces
 63502 | Elf:3    | Found the +7 captain's cutlass {speed, disarm}
 63944 | Elf:3    | Reached XP level 21. HP: 146/146 MP: 18/42
 64612 | Elf:3    | Identified the +6 short sword of the Witching Pill Bug
                  | {freeze, rN+ rCorr Dex-5 SInv}
 65034 | Elf:3    | Identified the amulet of Anyhy {RegenMP Contam rPois Int+4}
 65044 | Elf:3    | Identified the +9 morningstar of Cidol {speed, rElec rF+
                  | rC+}
 65047 | Elf:3    | Identified the +3 plate armour "Geolual" {Will++ Int+4}
 65067 | Elf:3    | Identified the +4 long sword of the Snake Pit {speed,
                  | Dex+4}
 65080 | Elf:3    | Identified the +3 shortbow of the Eleven Souls {flame,
                  | Dex+4}
 65177 | Elf:3    | Identified the ring of Dajea {rF+ EV+4}
 65629 | Vaults:1 | Entered Level 1 of the Vaults
 66405 | Vaults:1 | Reached skill level 15 in Earth Magic
 66670 | Vaults:1 | Found a portal to a secret trove of treasure.
 69032 | Vaults:2 | Reached XP level 22. HP: 135/153 MP: 16/44
 70942 | Vaults:3 | Found a magical portal.
 70951 | WizLab   | Entered Borgnjor's Mausoleum
 73407 | Vaults:3 | Reached skill level 15 in Armour
 73576 | Vaults:3 | Noticed a golden dragon
 74073 | Vaults:3 | Found a staircase to the Crypt.
 74415 | Vaults:3 | Killed a golden dragon
 75471 | Vaults:4 | Reached XP level 23. HP: 134/160 MP: 26/46
 75652 | Vaults:4 | Identified the +4 scimitar of Ambiguity {vorpal, rF+ Str+2
                  | Dex+9}
 76678 | Vaults:5 | Entered Level 5 of the Vaults
 76679 | Vaults:5 | Noticed an ancient lich
 76681 | Vaults:5 | Noticed a golden dragon
 76844 | Crypt:1  | Entered Level 1 of the Crypt
 78992 | Crypt:1  | Identified the +1 robe of the Garden {rElec}
 79711 | Elf:3    | Bought a manual of Earth Magic for 1280 gold pieces
 80461 | Crypt:2  | Reached XP level 24. HP: 168/168 MP: 30/47
 81272 | Crypt:3  | Entered Level 3 of the Crypt
 83171 | Crypt:3  | Identified the ring of the Commoners {Fire rElec}
 83337 | Crypt:3  | Found a staircase to the Tomb.
 83461 | Crypt:3  | Found a basalt altar of Yredelemnul.
 83830 | Crypt:3  | Identified the ring of the Establishment {Drain Fly rN+
                  | rCorr Dex+7}
 83830 | Crypt:3  | Identified the ring of Yforod {rElec rPois rN+ Str-4 Int+3}
 84649 | Depths:1 | Entered Level 1 of the Depths
 84728 | Depths:1 | Found a blossoming altar of Fedhas.
 85033 | Depths:1 | Noticed a caustic shrike
 85080 | Depths:1 | Noticed a caustic shrike
 85850 | Depths:1 | Killed a caustic shrike
 86017 | Depths:1 | Identified the +8 lajatang of the Dove {freeze, Str-3
                  | Int+6}
 86058 | Depths:1 | Killed a caustic shrike
 86413 | Depths:1 | Found Jeusak's Jewellery Shop.
 86843 | Depths:1 | Found a gateway to Hell.
 87323 | Depths:2 | Found a white marble altar of Elyvilon.
 87424 | Depths:2 | You are sucked into a shaft and drop 2 floors!
 87424 | Depths:4 | Entered Level 4 of the Depths
 87449 | Depths:4 | Reached XP level 25. HP: 173/175 MP: 37/48
 88956 | Elf:3    | Bought the Guide on Ice and Fire for 480 gold pieces
 89168 | Depths:1 | Learned a level 8 spell: Ignition
 89503 | Depths:2 | Found the brooch of Shielding {Spirit SH+8}
 89513 | Depths:2 | Identified the +1 scimitar of the Crushing Messenger
                  | {vorpal, Will+ rCorr}
 89638 | Depths:2 | Got Logruode's Disquisition on Ignition
 89846 | Depths:2 | Reached skill level 1 in Fire Magic
 89986 | Depths:2 | Found a one-way gate leading to the halls of Pandemonium.
 90366 | Depths:3 | Found a one-way gate to the infinite horrors of the Abyss.
 90514 | Depths:3 | Found a one-way gateway to a ziggurat.
 90784 | Depths:3 | Noticed Mennas
 91008 | Depths:3 | Found a glowing silver altar of Zin.
 91012 | Depths:3 | Killed Mennas
 91364 | Depths:3 | Acquired 927 gold pieces
 91467 | Depths:3 | Found a runed translucent door.
 91467 | Depths:3 | Noticed Arryuderch's ghost (adept DgCj)
 91597 | Depths:3 | Killed Arryuderch's ghost
 91902 | Depths:3 | Found a broken altar of Ashenzari.
 92037 | Depths:3 | Found a runed translucent door.
 92042 | Depths:3 | Noticed a juggernaut
 92412 | Depths:3 | Identified the +11 long sword of Dullness {vorpal, *Rage
                  | rN+ Str+4}
 92564 | Depths:4 | Reached XP level 26. HP: 164/181 MP: 48/48
 92878 | Depths:4 | Reached skill level 5 in Fire Magic
 93135 | Depths:4 | Found Peofo's Magic Scroll Shoppe.
 93426 | Depths:4 | Bought a scroll of enchant armour for 120 gold pieces
 93426 | Depths:4 | Bought a scroll of blinking for 120 gold pieces
 93426 | Depths:4 | Bought a scroll of torment for 120 gold pieces
 95184 | Depths:4 | Found a gate to the Realm of Zot.
 95286 | Depths:4 | Got the Almanac of Dark Rituals
 95287 | Depths:4 | Identified the +7 long sword "Poniem" {elec, rN+ Will-
                  | Str+7}
 95898 | D:11     | Killed PanSaczeczos's ghost
 96529 | Vaults:1 | You paid a toll of +2 shadow dragon scales to enter a
                  | treasure trove
 96530 | Trove    | Entered a treasure trove
 96544 | Trove    | Found the -2 hat of the Alchemist {rElec rPois rF+ rC+ rN+
                  | Will+ rMut rCorr}
 96548 | Trove    | Identified the +0 pair of boots "Ufriplacs" {Rampage Int+3}
 96762 | Vaults:5 | Killed an ancient lich
 96774 | Vaults:5 | Noticed an ancient lich
 96775 | Vaults:5 | Killed an ancient lich
 96781 | Vaults:5 | Reached XP level 27. HP: 145/189 MP: 49/49
 97210 | Vaults:5 | Identified the +7 broad axe "Ygish" {freeze, rN+ SInv}
 97257 | Vaults:5 | Identified the ring "Ynlick" {Fly rCorr Dex+2}
 97261 | Vaults:5 | Noticed an ancient lich
 97360 | Vaults:5 | Identified the +6 broad axe "Amygritz" {protect, *Noise
                  | Int+4 Dex+6}
 97568 | Vaults:5 | Killed an ancient lich
 98170 | Vaults:5 | Identified the +10 great mace of Cheibriados's Esteem
                  | {vorpal, rF+ Str+3}
 98346 | Vaults:5 | Found Kienuv's Book Shop.
 98423 | Vaults:5 | Noticed a dread lich
 98428 | Vaults:5 | Killed a dread lich
 98861 | Vaults:5 | Identified the +1 robe of the Mind {rPois rN+++ Dex-2 SInv}
 98886 | Vaults:5 | Got a silver rune of Zot
 99224 | Vaults:5 | Identified the +0 scale mail of Ighoupp {Str+2}
 99225 | Vaults:5 | Reached skill level 10 in Fire Magic
 99529 | Depths:3 | Reached skill level 1 in Maces & Flails
 99529 | Depths:3 | Killed a juggernaut
 99693 | Zot:1    | Entered Level 1 of the Realm of Zot
100344 | Zot:1    | You are sucked into a shaft and drop 1 floor!
101117 | Zot:1    | Learned a level 9 spell: Fire Storm
101392 | Zot:2    | Reached skill level 5 in Maces & Flails
101837 | Zot:2    | Noticed an orb of fire
101867 | Zot:2    | Noticed an orb of fire
101868 | Zot:2    | Gained mutation: You are strong-willed. (Will+) [an orb of
                  | fire]
101872 | Zot:2    | Noticed an orb of fire
101873 | Zot:2    | Killed an orb of fire
101874 | Zot:2    | Noticed an orb of fire
101878 | Zot:2    | Killed an orb of fire
101881 | Zot:2    | Killed an orb of fire
102337 | Zot:2    | Killed an orb of fire
103528 | Zot:3    | Noticed an orb of fire
103607 | Zot:2    | Killed an orb of fire
103854 | Zot:3    | Reached skill level 15 in Fire Magic
107341 | Zot:4    | Identified the +7 chain mail of the Hot Ocelot {rC+}
107356 | Zot:5    | Entered Level 5 of the Realm of Zot
108821 | Zot:5    | Noticed a dread lich
108825 | Zot:5    | Killed a dread lich
108995 | Zot:5    | Noticed an orb of fire
109005 | Zot:5    | Killed an orb of fire
109028 | Zot:5    | Noticed an orb of fire
109051 | Zot:5    | Killed an orb of fire
109057 | Zot:5    | Noticed an orb of fire
109121 | Zot:5    | Gained mutation: You tend to lose your temper in combat.
                  | [an orb of fire]
109125 | Zot:5    | Killed an orb of fire
109208 | Zot:5    | Lost mutation: You are strong-willed. (Will+) [potion of
                  | mutation]
109208 | Zot:5    | Lost mutation: You tend to lose your temper in combat.
                  | [potion of mutation]
109208 | Zot:5    | Gained mutation: You have an increased reservoir of magic.
                  | (+10% MP) [potion of mutation]
109208 | Zot:5    | Gained mutation: Your flesh is heat resistant. (rF+)
                  | [potion of mutation]
109237 | Zot:5    | Noticed an ancient lich
109240 | Zot:5    | Killed an ancient lich
109246 | Zot:5    | Noticed an ancient lich
109246 | Zot:5    | Noticed an orb of fire
109250 | Zot:5    | Killed an ancient lich
109252 | Zot:5    | Killed an orb of fire
109453 | Zot:5    | Noticed an orb of fire
109665 | Zot:5    | Killed an orb of fire
109995 | Zot:5    | Noticed a dread lich
110201 | Zot:5    | Killed a dread lich
110867 | Hell     | Entered the Vestibule of Hell
110867 | Hell     | Noticed Geryon
111173 | Hell     | Killed Geryon
111786 | Hell     | Found a gateway to the freezing wastes of Cocytus.
112105 | Hell     | Found a gateway to the decaying netherworld of Tartarus.
112160 | Hell     | Found a gateway to the ashen valley of Gehenna.
112305 | Hell     | Found a gateway to the Iron City of Dis.
112427 | Coc:1    | Entered Level 1 of Cocytus
112442 | Coc:1    | Paralysed by a wendigo for 1 turns
112627 | Coc:2    | Noticed an ancient lich
112631 | Coc:2    | Killed an ancient lich
113178 | Coc:7    | Entered Level 7 of Cocytus
113187 | Coc:7    | Paralysed by a wendigo for 1 turns
113519 | Coc:7    | Paralysed by a wendigo for 1 turns
113553 | Coc:7    | Reached skill level 27 in Fighting
113617 | Coc:7    | Noticed an ancient lich
113621 | Coc:7    | Killed an ancient lich
113702 | Coc:7    | Paralysed by a wendigo for 1 turns
114236 | Coc:7    | Paralysed by a wendigo for 1 turns
114336 | Coc:7    | Identified the amulet "Lotab" {Faith rF+ Str-4 Int+5 SInv}
114336 | Coc:7    | Noticed Antaeus
115221 | Coc:7    | Killed Antaeus
115239 | Coc:7    | Identified the +0 ring mail of Elyvilon's Approval {rElec
                  | Int-2 Dex+3}
115258 | Coc:7    | Got an icy rune of Zot
115284 | Coc:7    | Identified the +10 flail "Agraw" {vorpal, Drain rPois rN+
                  | Dex+5}
115509 | Dis:1    | Entered Level 1 of the Iron City of Dis
117751 | Hell     | Reached skill level 27 in Earth Magic
118951 | Dis:7    | Entered Level 7 of the Iron City of Dis
119128 | Dis:7    | Reached skill level 27 in Spellcasting
119587 | Dis:6    | Noticed a royal mummy
119590 | Dis:6    | Killed a royal mummy
119620 | Dis:6    | Noticed a royal mummy
119623 | Dis:6    | Killed a royal mummy
119624 | Dis:6    | Reached skill level 1 in Necromancy
119625 | Dis:6    | Noticed a dread lich
119640 | Dis:6    | Noticed a dread lich
119845 | Dis:6    | Noticed a royal mummy
119846 | Dis:6    | Killed a dread lich
119847 | Dis:6    | Killed a dread lich
119848 | Dis:6    | Reached skill level 10 in Maces & Flails
119848 | Dis:6    | Killed a royal mummy
119960 | Dis:6    | Noticed a royal mummy
119963 | Dis:6    | Killed a royal mummy
120319 | Dis:6    | Noticed a royal mummy
120323 | Dis:6    | Killed a royal mummy
120438 | Pan      | Entered the realm of Cerebov.
120438 | Pan      | Entered Pandemonium
120610 | Pan      | Identified the +8 flail "Puomid" {drain, Will+ Stlth+}
120851 | Pan      | Found the +6 sword of Cerebov {flame}
120851 | Pan      | Noticed Cerebov
121169 | Pan      | Identified the ring of Inum {Fire Int+4 Stlth+}
121898 | Pan      | Reached skill level 5 in Necromancy
122043 | Pan      | Identified the +4 spear "Ruaqywn" {speed, rC+ Stlth+}
122074 | Pan      | Identified the +6 short sword of Spite {vorpal, +Blink
                  | Int+6}
124142 | Pan      | Killed Cerebov
124158 | Pan      | Got a fiery rune of Zot
125172 | Pan      | Noticed Arghal the pandemonium lord
125177 | Pan      | Killed Arghal the pandemonium lord
125386 | Pan      | Noticed Yluntol the pandemonium lord
125391 | Pan      | Killed Yluntol the pandemonium lord
126809 | Pan      | Acquired the Collected Works on Combat Magic
127195 | Pan      | Noticed Ytairon the pandemonium lord
127197 | Pan      | Reached skill level 27 in Shields
127206 | Pan      | Killed Ytairon the pandemonium lord
127901 | Pan      | Found an exit through the horrors of the Abyss.
128307 | Pan      | Found an exit through the horrors of the Abyss.
128531 | Pan      | Noticed Safyji the pandemonium lord
128534 | Pan      | Killed Safyji the pandemonium lord
129742 | Pan      | Found an exit through the horrors of the Abyss.
129764 | Pan      | Identified the ring "Huamyapu" {rElec AC+4 Int+5}
129782 | Pan      | Noticed Vowkal the pandemonium lord
129820 | Pan      | Killed Vowkal the pandemonium lord
130224 | Pan      | Got a demonic rune of Zot
130677 | Depths:2 | Escaped Pandemonium
131781 | Dis:7    | Noticed a juggernaut
131785 | Dis:7    | Killed a juggernaut
131787 | Dis:7    | Noticed a juggernaut
131793 | Dis:7    | Killed a juggernaut
131793 | Dis:7    | Noticed a juggernaut
131801 | Dis:7    | Killed a juggernaut
132759 | Dis:7    | Found the +4 staff of Dispater
132759 | Dis:7    | Noticed Dispater
132767 | Dis:7    | Killed Dispater
132834 | Dis:7    | Got the Almanac of Aerial Bewitchment
132836 | Dis:7    | Identified the +2 glaive of Symmetry {freeze, rPois Str+3}
132838 | Dis:7    | Got an iron rune of Zot
133124 | Pan      | Entered Pandemonium
133178 | Pan      | Noticed Nadylim the pandemonium lord
133192 | Pan      | Killed Nadylim the pandemonium lord
134733 | Pan      | Reached skill level 27 in Armour
135654 | Pan      | Noticed Xawnacell the pandemonium lord
135657 | Pan      | Killed Xawnacell the pandemonium lord
136737 | Pan      | Entered the realm of Gloorx Vloq.
136741 | Pan      | Noticed Gloorx Vloq
137166 | Pan      | Killed Gloorx Vloq
138105 | Pan      | Got a dark rune of Zot
139022 | Pan      | Identified the ring of Sif Muna's Generosity {Fire rPois
                  | rN+ rCorr Stlth+}
139510 | Pan      | Noticed Uxtoh the pandemonium lord
139516 | Pan      | Killed Uxtoh the pandemonium lord
140279 | Depths:4 | Escaped Pandemonium
140446 | Tar:1    | Entered Level 1 of Tartarus
140446 | Tar:1    | Noticed an ancient lich
140450 | Tar:1    | Killed an ancient lich
140608 | Tar:2    | Found a huge runed gate.
140608 | Tar:2    | Found a huge runed gate.
140608 | Tar:2    | Found a huge runed gate.
140608 | Tar:2    | Found a huge runed gate.
140608 | Tar:2    | Found a huge runed gate.
140608 | Tar:2    | Found a huge runed gate.
140608 | Tar:2    | Found a huge runed gate.
140608 | Tar:2    | Found a huge runed gate.
140608 | Tar:2    | Found a huge runed gate.
140608 | Tar:2    | Found a huge runed gate.
140611 | Tar:2    | Found a huge runed gate.
140719 | Tar:2    | Found a huge runed gate.
140722 | Tar:2    | Found a huge runed gate.
140813 | Tar:2    | Found a huge runed gate.
140814 | Tar:2    | Found a huge runed gate.
140815 | Tar:2    | Found a huge runed gate.
140823 | Tar:2    | Found a huge runed gate.
140823 | Tar:2    | Found a huge runed gate.
140823 | Tar:2    | Found a huge runed gate.
140823 | Tar:2    | Found a huge runed gate.
140823 | Tar:2    | Found a huge runed gate.
140823 | Tar:2    | Found a huge runed gate.
140823 | Tar:2    | Found a huge runed gate.
140824 | Tar:2    | Found a huge runed gate.
140825 | Tar:2    | Found a huge runed gate.
140833 | Tar:2    | Found a huge runed gate.
140833 | Tar:2    | Found a huge runed gate.
140833 | Tar:2    | Found a huge runed gate.
140833 | Tar:2    | Found a huge runed gate.
140833 | Tar:2    | Found a huge runed gate.
140833 | Tar:2    | Found a huge runed gate.
140833 | Tar:2    | Found a huge runed gate.
140834 | Tar:2    | Found a huge runed gate.
140835 | Tar:2    | Found a huge runed gate.
140843 | Tar:2    | Found a huge runed gate.
140843 | Tar:2    | Found a huge runed gate.
143200 | Tar:7    | Entered Level 7 of Tartarus
143441 | Tar:7    | Noticed a dread lich
143598 | Tar:7    | Killed a dread lich
144484 | Tar:7    | Identified the ring "Giurio Sonko" {Will+ rCorr Dex+3
                  | Stlth+}
144507 | Tar:7    | Learned a level 7 spell: Ozocubu's Refrigeration
144526 | Tar:7    | Identified the -5 buckler of the Nexus {rF- Will- Int+8
                  | SInv}
144793 | Tar:7    | Noticed an ancient lich
144796 | Tar:7    | Killed an ancient lich
144857 | Tar:7    | Noticed the Serpent of Hell
144864 | Tar:7    | Killed the Serpent of Hell
144865 | Tar:7    | Reached skill level 5 in Dodging
145112 | Tar:7    | Noticed an ancient lich
145114 | Tar:7    | Killed an ancient lich
145160 | Tar:7    | Noticed Ereshkigal
145166 | Tar:7    | Killed Ereshkigal
145190 | Tar:7    | Got a bone rune of Zot
145404 | Tar:7    | Identified the +0 pair of boots of the Northern Lights
                  | {Will+ Regen+}
145691 | Tar:7    | Reached skill level 10 in Dodging
145811 | Tar:7    | Identified the amulet of the Equinox {RegenMP rC+ Dex+3
                  | Slay-2}
145815 | Tar:7    | Identified the +8 short sword of the Warrior {drain, *Slow
                  | rElec rF+}
145889 | Geh:1    | Entered Level 1 of Gehenna
145906 | Geh:1    | Reached skill level 1 in Ice Magic
146005 | Geh:2    | Noticed a dread lich
146208 | Hell     | Killed a dread lich
146839 | Hell     | Reached skill level 5 in Ice Magic
147516 | Geh:7    | Entered Level 7 of Gehenna
147813 | Geh:7    | Found the +7 sceptre of Asmodeus
147813 | Geh:7    | Noticed Asmodeus
147821 | Geh:7    | Reached skill level 10 in Ice Magic
147827 | Geh:7    | HP: 8/192 [Brimstone Fiend/damnation (27)]
147829 | Geh:7    | Killed from afar by a balrug

Illustrated notes

Levels and vault maps discovered:
D:1:      pf_arrival_petrified_forest, layout_basic, serial_forest,
          infiniplex_forest_clump_cross, infiniplex_forest_clump_double,
          infiniplex_forest_straight_5, infiniplex_forest_straight_2,
          infiniplex_forest_straight_2, infiniplex_forest_join
D:2:      layout_basic, serial_forest, infiniplex_forest_straight_4,
          infiniplex_forest_lined_4_way, infiniplex_forest_clump_small,
          infiniplex_forest_clump_small, infiniplex_forest_end_double,
          infiniplex_forest_straight_4, infiniplex_forest_end_2,
          mrwooster_statue_mirror
D:3:      kennysheep_goblin_castle, layout_basic, mainiacjoe_overflow_24_doors
D:4:      layout_cave_pools, grunt_ministairs_5
D:5:      layout_basic, gammafunk_temple_overflow_arena,
          minmay_fractal_squares_5
D:6:      layout_loops_ring, nicolae_uskayaw_en_pointe,
          nemelex_diamond_rough_becter, minmay_temple_entry_steel_oval
D:7:      layout_basic
D:8:      layout_cave_pods, mainiacjoe_overflow_catwalk_spiral, enter_bailey_2
D:9:      layout_big_octagon, nicolae_ru_great_annihilating_truth,
          nzn_makhleb_speed_demon, david_lair_shrubbed
D:10:     layout_stronghold
D:11:     layout_gridville, zombieorc1_lemuel,
          gammafunk_ghost_wrathful_warriors, lemuel_zombie_altar_yredelemnul,
          uniq_grum
D:12:     layout_long_grid, gauntlet_entry_generic, tso_altar
D:13:     layout_irregular_city, nicolae_splish_splash
D:14:     layout_roguey, grunt_vaults_entry_tiered
D:15:     grunt_enter_depths_snipers, layout_loops_ring,
          minmay_misc_feat_ornament
Temple:   minmay_temple_forest_path
Lair:1:   layout_regular_city, nicolae_volcano_entry_s_turn
Lair:2:   layout_chaotic_city, swamp_mist, serial_bayou_shore_a
Lair:3:   layout_misc_corridors, guppyfry_snake_entry_island, grunt_megastairs_2
Lair:4:   layout_hall_layers, grunt_megastairs_3, infiniplex_staircase_pool
Lair:5:   layout_layer_cave, dpeg_slime_entry_corner, serial_bayou,
          serial_bayou_ford_a, serial_bayou_lagoon_b, serial_bayou_crossing,
          serial_bayou_pond_a, beast_lair_carwin_10
Lair:6:   cheibrodos_lair_end_hotspot, layout_loops_ring,
          portal_ice_cave_entry_pillars_2, grunt_forest_large_clearings,
          infiniplex_staircase_pool_2
Swamp:1:  layout_basic_swamp, serial_swamp_ruin, evilmike_swamp_ruin_house_5,
          evilmike_swamp_ruin_house_1, evilmike_swamp_ruin_house_4, uniq_kirke
Swamp:2:  layout_basic_swamp, nicolae_swamp_godswood,
          nicolae_swamp_feature_on_the_river_bank
Swamp:3:  layout_falls_marsh, evilmike_swamp_ruin_rubble_1, uniq_roxanne
Swamp:4:  swamp_alternative, layout_basic_swamp, swamp_pool1
Snake:1:  minmay_snake_river, layout_misc_corridors, uniq_nikola
Snake:2:  layout_gridlike, minmay_shop_grove, serial_bayou_shore_b,
          lemuel_fruit_tree
Snake:3:  layout_grid_maze, serial_shops, bzr_entry_islet, uniq_aizul
Snake:4:  snake_hunt, layout_cave_town, grunt_megastairs_5
Orc:1:    layout_caves, basic_altar, uniq_josephine
Orc:2:    st_orc_ogre_mass, layout_caves, serial_shops, nicolae_shop_stone,
          mines2_lemuel
Elf:1:    layout_loops_corners, basic_altar, ebering_ghost_reflecting_pool,
          serial_shops, shop, hangedman_elven_crosses_minicolossus,
          grunt_megastairs_4, uniq_agnes, uniq_azrael
Elf:2:    nicolae_elf_blades_crystal_corner, layout_geoelf_octagon,
          portal_desolation_entry_ruin, serial_shops, shop,
          nicolae_elf_big_sculpture_1
Elf:3:    minmay_elf_hall_hex, layout_loops_corners, serial_shops, shop,
          shop_statue, nicolae_shop_window_shopping, shop, nicolae_square_shop,
          grunt_ministairs_6, kilobyte_mutagenic_chamber
Vaults:1: vaults_dpeg_diagonal, ontoclasm_vaults_shout, hangedman_vaults_snaps,
          v_misc_13, hangedman_vaults_cutoff, vaults_room_stairs_pillars,
          layout_vaults_omnigrid, nicolae_trove_entry_crossroad
Vaults:2: v_misc_8, vaults_room_hallway, v_rooms_4,
          ontoclasm_vaults_ring_square, hangedman_vaults_cutoff, v_rooms_6,
          v_alt_pattern_6, hangedman_vaults_capsules,
          grunt_vaults_hallway_short, nicolae_vaults_little_squares_3,
          special_room_vaults [special_room_orc], nicolae_vaults_rhombus_7,
          layout_vaults_omnicross
Vaults:3: mu_enter_wizlab_6, minmay_crypt_entry_simple_box, v_misc_3, v_misc_32,
          vaults_room_hallway, v_misc_10, nicolae_vaults_murderbox,
          vaults_mumra_hexcomb, nicolae_vaults_three_branches,
          ontoclasm_vaults_misaligned, nicolae_vaults_little_squares_1,
          nicolae_vaults_little_ls, vaults_mumra_chevron_long,
          vaults_mumra_minichess_inversion, vaults_room_pools,
          layout_vaults_big_room
Vaults:4: ontoclasm_vaults_gallery, v_rooms_4, v_alt_pattern_6,
          nicolae_vaults_little_squares_2, vaults_room_boxed,
          hangedman_vaults_unwind, v_pattern_1, v_misc_30, vaults_mumra_chevron,
          vaults_dpeg_encased_lava, layout_vaults_maze_snakey
Vaults:5: serial_shops
Crypt:1:  layout_regular_city, st_chilly_death
Crypt:2:  layout_misc_corridors
Crypt:3:  evilmike_haunted_forest
Depths:1: layout_gridlike, fedhas_altar_1, pf_dread_powers_of_hell,
          serial_shops, shop, drop_trap, minmay_fractal_squares_gapless_7,
          serial_bayou_shore_b
Depths:2: minmay_eight_partial_circles, layout_long_grid,
          grunt_pan_entry_in_and_out, elyvilon_altar_1, grunt_hell_entry_dis_mu,
          kennysheep_nondecorative_pillar
Depths:3: evilmike_silver_temple, layout_gridlike, enter_ziggurat_e,
          old_standard_altar, hellmonk_ghost_happy_afterlife, abyss_entry,
          hell_entry, lightli_gold_pyramid
Depths:4: lemuel_castle_with_subvaults [lemuel_castle_interior_original],
          layout_cave_shapes, grunt_pan_entry_spiral, minmay_misc_feat_roman,
          hangedman_tar_grid_catacomb, minmay_shop_star
Hell
Dis:1:    layout_gridville
Dis:2:    layout_subdivisions
Dis:3:    layout_jigsaw
Dis:4:    grunt_dis_stairs_iron_hall
Dis:5:    layout_regular_city
Dis:6:    layout_subdivisions, lemuel_mystery_crypt
Dis:7:    dis_grunt_layers
Geh:1:    layout_gehenna_lava_caves
Geh:2:    layout_gehenna_lava_caves
Geh:3:    layout_gehenna_lava_caves, nicolae_geh_lava_shack
Geh:4:    layout_gehenna_lava_caves
Geh:5:    layout_gehenna_pools_triple
Geh:6:    nicolae_geh_lava_swirls, layout_gehenna_pools_triple,
          nicolae_geh_single_fiery_grave
Geh:7:    geh_old
Coc:1:    layout_ice_bergs, serial_ice, serial_ice_h, serial_ice_d,
          serial_ice_b, serial_ice_g
Coc:2:    layout_cocytus_water_paths
Coc:3:    layout_cocytus_delve, serial_ice, serial_ice_o, serial_ice_n
Coc:4:    layout_cocytus_water_paths
Coc:5:    layout_ice_bergs
Coc:6:    layout_cocytus_water_paths
Coc:7:    coc_grunt_cove [coc_grunt_cove_antaeus, coc_grunt_cove_fiend,
          coc_grunt_cove_fiend, coc_grunt_cove_fiend, coc_grunt_cove_fiend]
Tar:1:    layout_cathedral_of_symmetry
Tar:2:    layout_grid_maze, door_vault
Tar:3:    layout_catacombs
Tar:4:    layout_grid_maze
Tar:5:    layout_grid_maze, nicolae_tar_honey_chapel
Tar:6:    layout_honeycomb, nicolae_tar_cuneiform_water
Tar:7:    tar_old
Zot:1:    layout_gridlike
Zot:2:    layout_basic, lemuel_lake_of_fire
Zot:3:    circus_mu, layout_onion, st_stairs_5, st_small_dragon_hoard_4
Zot:4:    layout_cathedral_of_symmetry, bh_zot_levy_curve, grunt_ministairs_15
Zot:5:    layout_twisted_circle

Skill      XL: |  1  2  3  4  5  6  7  8  9 10 11 12 13 14 15 16 17 18 19 20 21 22 23 24 25 26 27 |
---------------+----------------------------------------------------------------------------------+-----
Transmutations | 1 3 |  3.0
Fighting       | 1 2 3 4 5 7 9 10 13 14 16 17 18 19 20 21 22 23 27 | 27.0
Earth Magic    | 4 5 6 8 9 11 12 13 14 15 17 19 22 24 27 | 27.0
Spellcasting   | 3 4 5 6 8 9 10 12 13 14 15 16 17 18 19 20 21 22 27 | 27.0
Armour         | 1 2 3 5 6 7 8 10 11 12 13 14 15 16 17 27 | 27.0
Conjurations   | 1 2 3 4 5 7 8 10 11 12 13 14 15 16 17 18 24 | 24.0
Shields        | 2 5 7 9 10 12 14 15 16 17 18 19 27 | 27.0
Dodging        | 3 12 | 12.0
Stealth        | 3 |  3.0
Fire Magic     | 3 6 24 | 24.0
Maces & Flails | 12 | 12.0
Necromancy     | 6 |  6.0
Ice Magic      | 10 | 10.2

Action                   |  1- 3 |  4- 6 |  7- 9 | 10-12 | 13-15 | 16-18 | 19-21 | 22-24 | 25-27 || total
-------------------------+-------+-------+-------+-------+-------+-------+-------+-------+-------++-------
Melee: Unarmed           |    25 |       |       |       |       |       |       |       |       ||    25
       Short sword       |    22 |   220 |   144 |   169 |       |       |       |       |       ||   555
       Whip              |     8 |       |       |       |       |   157 |   176 |   483 |  1407 ||  2231
       Dagger            |     8 |       |       |       |       |       |       |       |       ||     8
       Punch             |       |     1 |     2 |     4 |       |       |       |       |       ||     7
       Trident           |       |       |       |    38 |   598 |   170 |       |       |       ||   806
 Cast: Sandblast         |    28 |    25 |    25 |    28 |    27 |    64 |    14 |       |       ||   211
       Stone Arrow       |       |     5 |    91 |   269 |   273 |    53 |     4 |     3 |     1 ||   699
       Static Discharge  |       |       |       |     3 |   106 |       |       |       |       ||   109
       Passwall          |       |       |       |     3 |       |       |     3 |     1 |     8 ||    15
       Lightning Bolt    |       |       |       |       |    21 |       |       |       |       ||    21
       Iskenderun's Myst |       |       |       |       |    25 |    32 |    26 |    10 |     2 ||    95
       Freezing Cloud    |       |       |       |       |    22 |   118 |   140 |    34 |    56 ||   370
       Mephitic Cloud    |       |       |       |       |     8 |    25 |     1 |     1 |       ||    35
       Iron Shot         |       |       |       |       |       |   253 |   351 |   320 |   556 ||  1480
       Conjure Ball Ligh |       |       |       |       |       |     9 |     2 |       |       ||    11
       Lee's Rapid Decon |       |       |       |       |       |     6 |     4 |       |       ||    10
       Lehudib's Crystal |       |       |       |       |       |       |    30 |    45 |   262 ||   337
       Borgnjor's Vile C |       |       |       |       |       |       |    62 |   250 |   853 ||  1165
       Shatter           |       |       |       |       |       |       |       |    51 |   451 ||   502
       Swiftness         |       |       |       |       |       |       |       |     2 |    30 ||    32
       Fire Storm        |       |       |       |       |       |       |       |       |   344 ||   344
       Ignition          |       |       |       |       |       |       |       |       |    58 ||    58
       Ozocubu's Refrige |       |       |       |       |       |       |       |       |    46 ||    46
Evoke: Wand              |       |       |       |     7 |       |     4 |       |       |     2 ||    13
       Lightning rod     |       |       |       |     1 |       |     1 |       |       |       ||     2
       Phantom mirror    |       |       |       |       |       |       |       |       |     1 ||     1
  Use: Potion            |       |     1 |     1 |     6 |     4 |     2 |     5 |       |    12 ||    31
       Scroll            |       |       |    11 |     8 |    11 |    11 |     6 |     3 |    38 ||    88
 Stab: Sleeping          |     1 |     6 |       |     1 |       |     1 |       |       |     1 ||    10
       Paralysed         |       |       |       |     1 |       |       |       |       |       ||     1
       Petrified         |       |       |       |       |     1 |       |       |       |       ||     1
       Confused          |       |       |       |       |     1 |     9 |     1 |       |       ||    11
       Distracted        |       |       |       |       |       |       |       |       |     3 ||     3
Armor: Robe              |    23 |    98 |   110 |   158 |       |       |       |       |       ||   389
       Acid dragon scale |       |       |       |    64 |   114 |       |       |       |       ||   178
       Ring mail         |       |       |       |       |   475 |   302 |   280 |   501 |  1001 ||  2559
       Fire dragon scale |       |       |       |       |    12 |       |       |       |       ||    12
Dodge: Dodged            |    52 |   111 |   117 |   214 |   569 |   145 |   123 |   220 |   524 ||  2075
Block: Kite shield       |       |       |       |    17 |   509 |   328 |   365 |   688 |  2050 ||  3957
       Reflection        |       |       |       |       |       |    48 |    67 |    24 |    76 ||   215
